 Dungeon Crawl Stone Soup version 0.26.1-11-gd32895ea62 (webtiles) character file.

Game seed: 15261302711792631461

346 Exodus22XD the Chopper (level 6, -2/56 HPs)
             Began as a Hill Orc Monk on Apr 27, 2021.
             Was a Believer of Beogh.
             Slain by Menkaure (15 damage)
             ... on level 4 of the Dungeon.
             The game lasted 00:06:25 (4829 turns).

Exodus22XD the Chopper (Hill Orc Monk)              Turns: 4829, Time: 00:06:26

Health: -2/56      AC:  8    Str: 16    XL:     6   Next: 59%
Magic:  6/6        EV: 11    Int: 10    God:    Beogh [**....]
Gold:   206        SH:  0    Dex: 13    Spells: 5/5 levels left

rFire    . . .     SeeInvis .   k - +0 war axe
rCold    . . .     Faith    +   (no shield)
rNeg     . . .     Spirit   .   h - +0 ring mail
rPois    .         Reflect  .   j - +1 helmet
rElec    .         Harm     .   (no cloak)
rCorr    .         Rampage  .   (no gloves)
Will     .....                  (no boots)
Stlth    ++........             f - amulet of faith
HPRegen  0.18/turn              o - ring of stealth
MPRegen  0.10/turn              (no ring)

@: no status effects
A: no striking features
a: Renounce Religion, Smiting


You were on level 4 of the Dungeon.
You worshipped Beogh.
Beogh was pleased with you.
You visited 1 branch of the dungeon, and saw 4 of its levels.

You collected 206 gold pieces.

Inventory:

Hand Weapons
 k - a +0 war axe (weapon)
Armour
 h - a +0 ring mail (worn)
 j - a +1 helmet (worn)
Jewellery
 f - an amulet of faith (around neck)
 o - a ring of stealth (left hand)
Wands
 d - a wand of polymorph (7)
Scrolls
 b - 2 scrolls of immolation {unknown}
 c - a scroll of amnesia {unknown}
 g - 2 scrolls of remove curse
 l - 2 scrolls of teleportation {unknown}
Potions
 a - a potion of lignification
 e - a potion of brilliance
 i - a potion of resistance {unknown}
 m - 2 potions of curing
 n - a potion of heal wounds
 p - a potion of degeneration {unknown}
 q - a potion of flight {unknown}


   Skills:
 + Level 5.1 Fighting
 + Level 6.8 Axes
 * Level 4.0 Armour
 - Level 2.4 Dodging
 - Level 1.5 Stealth
 * Level 0.4 Invocations


You had 5 spell levels left.
You didn't know any spells.
Your spell library was empty.

Dungeon Overview and Level Annotations

Branches:
Dungeon (4/15)             Temple (0/1) D:4

Altars:
Cheibriados
Okawaru
Sif Muna
Yredelemnul

Annotations:
D:4 Menkaure


Message History

The hound skeleton bites you but does no damage.
Menkaure hits you but does no damage.
The hound skeleton bites you but does no damage.
You barely miss Menkaure.
Menkaure is severely damaged.
You hit the hound skeleton. The hound skeleton barely misses you.
Menkaure calls on the powers of darkness!
Your body is wracked with pain!
You are too injured to fight recklessly!
You are too injured to fight recklessly!
You completely miss Menkaure.
Menkaure is severely damaged.
You hit the hound skeleton. The hound skeleton misses you. Menkaure hits you!
* * * LOW HITPOINT WARNING * * *
The hound skeleton bites you but does no damage.
You hit Menkaure but do no damage.
Menkaure is severely damaged.
You hit the hound skeleton. The hound skeleton barely misses you.
Menkaure hits you!
You die...

##### ....####
.......##### ###
...........####.#######
......................##
..............#........#
...........#.##.@M......
# ........ ###. ######
#..##..?....... #...
#..# ##...


You could see Menkaure and a hound skeleton.

Vanquished Creatures
  An ogre (D:4)
  An iguana (D:4)
  4 worker ants
  A mummy (D:4)
  Robin (D:2)
  2 adders
  A worm (D:2)
  4 dart slugs
  2 leopard geckos
  An orc (D:3)
  6 bats
  4 giant cockroaches
  18 goblins
  14 hobgoblins
  4 jackals (D:4)
  A ball python (D:3)
  A ball python skeleton (D:4)
  4 frilled lizards
  2 hobgoblin zombies (D:4)
  12 kobolds
  7 rats
91 creatures vanquished.

Vanquished Creatures (others)
  A frilled lizard (D:3)
  2 kobolds (D:3)
3 creatures vanquished.

Grand Total: 94 creatures vanquished

Notes
Turn   | Place    | Note
-------+----------+-------------------------------------------
     0 | D:1      | Exodus22XD the Hill Orc Monk began the quest for the Orb.
     0 | D:1      | Reached XP level 1. HP: 19/19 MP: 1/1
   229 | D:1      | Found a snail-covered altar of Cheibriados.
   240 | D:1      | Reached XP level 2. HP: 24/27 MP: 2/2
   402 | D:1      | Reached skill level 1 in Armour
   793 | D:1      | Reached XP level 3. HP: 33/33 MP: 3/3
  1359 | D:2      | Found a basalt altar of Yredelemnul.
  1360 | D:2      | Found a shimmering blue altar of Sif Muna.
  1446 | D:2      | Reached XP level 4. HP: 40/40 MP: 4/4
  1446 | D:2      | Noticed Robin
  1449 | D:2      | Reached skill level 5 in Axes
  1503 | D:2      | Killed Robin
  2644 | D:3      | Became a worshipper of Beogh the Brigand
  2644 | D:3      | Reached * piety under Beogh
  2644 | D:3      | Reached ** piety under Beogh
  2934 | D:3      | Reached XP level 5. HP: 44/47 MP: 5/5
  3176 | D:4      | Found a staircase to the Ecumenical Temple.
  3333 | D:4      | Noticed an ogre
  3337 | D:4      | Noticed Menkaure
  3345 | D:4      | Killed an ogre
  3346 | D:4      | Reached skill level 6 in Axes
  3685 | D:3      | Reached XP level 6. HP: 37/55 MP: 6/6
  4035 | D:4      | Reached skill level 5 in Fighting
  4578 | D:4      | Found an iron altar of Okawaru.
  4829 | D:4      | Slain by Menkaure

Illustrated notes

Levels and vault maps discovered:
D:1:      grunt_arrival_crossed_arrows, layout_rooms, cheibriados_altar_1
D:2:      layout_loops_ring, chequers_temple_overflow_statue_of_worship,
          serial_forest, infiniplex_forest_clump_small, infiniplex_forest_pool,
          infiniplex_forest_lined_ring, infiniplex_forest_lined_room_,
          infiniplex_forest_lined_corner, minmay_misc_feat_more_columns,
          uniq_robin
D:3:      layout_loops_cross
D:4:      layout_cave_pods, general_overflow_altar,
          minmay_temple_entry_stoned_glass, nicolae_ossuary_entry_giza,
          uniq_menkaure

Skill      XL: |  1  2  3  4  5  6 |
---------------+-------------------+-----
Fighting       | 4 5 |  5.1
Armour         | 1 2 3 4 |  4.0
Axes           | 5 6 |  6.8
Dodging        | |  2.4
Stealth        | |  1.5
Invocations    | |  0.4

Action                   |  1- 3 |  4- 6 || total
-------------------------+-------+-------++-------
Melee: Hand axe          |   114 |    77 ||   191
       War axe           |       |   130 ||   130
Invok: Convert to Beogh  |       |     1 ||     1
  Use: Scroll            |       |     6 ||     6
       Potion            |       |     1 ||     1
 Stab: Sleeping          |       |     4 ||     4
Armor: Robe              |     1 |       ||     1
       Leather armour    |     4 |       ||     4
       Ring mail         |    30 |    76 ||   106
Dodge: Dodged            |    65 |   125 ||   190
